 Dungeon Crawl Stone Soup version 0.19.0-24-gb05acd6 (webtiles) character file.

81 nubinia the Caller (level 4, -4/24 HPs)
             Began as a Deep Elf Summoner on Nov 21, 2016.
             Killed by divine providence
             ... invoked by an orc priest
              (15 damage)
             ... on level 3 of the Dungeon.
             The game lasted 00:11:44 (2225 turns).

nubinia the Caller (Deep Elf Summoner)              Turns: 2225, Time: 00:11:45

Health: -4/24      AC:  4    Str:  5    XL:     4   Next: 20%
Magic:  10/12      EV: 12    Int: 21    God:
Gold:   141        SH:  0    Dex: 15    Spells: 3 memorised, 5 levels left

rFire  . . .     SeeInvis .     r - +2 dagger (elec)
rCold  . . .     Gourm    .     u - +0 troll leather armour
rNeg   . . .     Faith    +     (no shield)
rPois  .         Spirit   .     (no helmet)
rElec  .         Reflect  .     (no cloak)
rCorr  .         Harm     .     (no gloves)
MR     .....                    (no boots)
Stlth  ++........               l - amulet of faith
                                (no ring)
                                (no ring)

@: no status effects
A: no striking features
a: no special abilities


You were on level 3 of the Dungeon.
You were not hungry.

You visited 1 branch of the dungeon, and saw 3 of its levels.

You collected 141 gold pieces.

Inventory:

Hand Weapons
 j - a +0 mace
 k - a +0 dagger
 n - a +0 short sword of freezing
 r - a +2 dagger of electrocution (weapon)
Armour
 a - a +1 robe
 u - a +0 troll leather armour (worn)
Jewellery
 l - an amulet of faith (around neck)
Scrolls
 d - a scroll of amnesia
 i - a scroll of remove curse
 m - a scroll of identify
 q - a scroll of magic mapping {unknown}
 s - a scroll of teleportation {unknown}
 v - a scroll of immolation {unknown}
Potions
 e - a potion of curing
 g - 2 potions of mutation {unknown}
 o - a potion of haste
 p - a potion of flight
Books
 b - a book of Callings

   Spells                             Type                      Level
   a - Summon Small Mammal            Summoning                    1
   b - Call Imp                       Summoning                    2
   c - Call Canine Familiar           Summoning                    3
   d - Summon Guardian Golem          Hexes/Summoning              3
   e - Summon Lightning Spire         Summoning/Air                4
   f - Summon Ice Beast               Ice/Summoning                4
Comestibles
 c - 2 bread rations
 f - 3 meat rations
 h - a slice of pizza
 t - 5 chunks of flesh


   Skills:
 + Level 0.1 Fighting
 + Level 1.0 Short Blades
 + Level 2.6 Dodging
 + Level 3.4 Stealth
 + Level 4.3 Spellcasting
 + Level 5.0 Summonings


You had 5 spell levels left.
You knew the following spells:

 Your Spells              Type           Power        Failure   Level  Hunger
a - Summon Small Mammal   Summ           ####         2%          1    None
b - Call Imp              Summ           ####....     4%          2    #......
c - Call Canine Familiar  Summ           ####....     10%         3    ##.....


Dungeon Overview and Level Annotations

Branches:
Dungeon (3/15)

Altars:


Message History

Anything else - Cancel.
Gang up on whom?
Press: ? - help, Dir - move target cursor, f - orc
Aim: an orc, wielding a dagger and wearing a leather armour Attack!
Your hound misses the orc.
The orc priest calls down the wrath of Beogh upon you.
Beogh smites you!
Ouch! That really hurt!
The orc hits your hound with a dagger.
Your hound bites the orc but does no damage.
The orc misses your hound.
Your hound bites the orc. x2; The orc barely misses your hound.
Your hound completely misses the orc.
The orc misses your hound.
Your hound bites the orc.
Your hound bites the orc but does no damage.
The orc priest calls down the wrath of Beogh upon you.
Beogh smites you!
Ouch! That really hurt!
You die...

o# #.###### o#
#....... .#
######## .# ### #
.# #.### # .# #...#
# #######.# #.#.# #
#...hoo$# #.#.####
#@####### #.#.....
#...# #.######
###.# #.### #.#
#...# #.#########.#
#.#.........#
#######.#.#########
#....ยง..#.#
#.#######.#


You could see an orc priest, an orc and a friendly hound.

Vanquished Creatures
  2 adders (D:2)
  3 worms (D:2)
  An orc (D:3)
  2 ball pythons
  2 giant cockroaches (D:1)
  5 goblins
  3 hobgoblins
  A jackal (D:2)
  A kobold (D:2)
  A bat (D:2)
  A frilled lizard (D:2)
  4 rats
26 creatures vanquished.

Vanquished Creatures (collateral kills)
  3 adders (D:2)
  2 worms (D:2)
  A dart slug (D:2)
  3 orcs (D:3)
  A bat (D:1)
  A giant cockroach (D:2)
  2 goblins
  A hobgoblin (D:2)
  A jackal (D:2)
  A kobold (D:2)
  A quokka (D:2)
17 creatures vanquished.

Grand Total: 43 creatures vanquished

Notes
Turn   | Place    | Note
-------+----------+-------------------------------------------
     0 | D:1      | nubinia the Deep Elf Summoner began the quest for the Orb.
     0 | D:1      | Reached XP level 1. HP: 10/10 MP: 6/6
   599 | D:1      | Reached XP level 2. HP: 13/15 MP: 8/8
   816 | D:2      | Learned a level 2 spell: Call Imp
  1218 | D:2      | Reached XP level 3. HP: 19/19 MP: 10/10
  1223 | D:2      | Learned a level 3 spell: Call Canine Familiar
  2058 | D:2      | Reached skill level 1 in Short Blades
  2058 | D:2      | Reached XP level 4. HP: 24/24 MP: 12/12
  2182 | D:3      | Reached skill level 5 in Summonings
  2225 | D:3      | Killed from afar by an orc priest

Skill      XL: |  1  2  3  4 |
---------------+-------------+-----
Stealth        | 3 |  3.4
Spellcasting   | 4 |  4.3
Short Blades   | 1 |  1.0
Summonings     | 5 |  5.0
Fighting       | |  0.1
Dodging        | |  2.6

Action                   |  1- 3 |  4- 6 || total
-------------------------+-------+-------++-------
Melee: Short sword       |    42 |       ||    42
       Dagger            |    31 |     2 ||    33
       Mace              |     2 |       ||     2
       Unarmed           |     1 |       ||     1
 Cast: Summon Small Mamm |    17 |       ||    17
       Call Imp          |     4 |     1 ||     5
       Call Canine Famil |     7 |     2 ||     9
  Use: Scroll            |     6 |       ||     6
       Potion            |     1 |       ||     1
 Stab: Sleeping          |     8 |       ||     8
       Distracted        |     1 |       ||     1
  Eat: Chunk             |     4 |     1 ||     5
Armor: Robe              |     7 |       ||     7
       Troll leather arm |     3 |       ||     3
Dodge: Dodged            |    44 |     1 ||    45
